 Dungeon Crawl Stone Soup version 0.25.0-37-gb73750e0fb (webtiles) character file.

Game seed: 13835523491554420201

3201 funkygono the Destroyer (level 9, -4/68 HPs)
             Began as a Yellow Draconian Conjurer on July 9, 2020.
             Was a Priest of Sif Muna.
             Slain by a hornet (5 damage)
             ... while paralysed by a hornet
             ... on level 8 of the Dungeon.
             The game lasted 00:22:31 (9918 turns).

funkygono the Destroyer (Yellow Draconian Conjurer) Turns: 9918, Time: 00:22:32

Health: -4/68      AC: 11    Str: 11    XL:     9   Next: 65%
Magic:  17/29      EV:  2    Int: 19    God:    Sif Muna [***...]
Gold:   543        SH:  0    Dex: 11    Spells: 12/23 levels left

rFire    . . .     SeeInvis .   q - +6 flail (protect)
rCold    . . .     Gourm    .   (no shield)
rNeg     . . .     Faith    +   (armour unavailable)
rPois    .         Spirit   .   (helmet restricted)
rElec    .         Reflect  .   (no cloak)
rCorr    +         Harm     .   (no gloves)
MR       .....                  (no boots)
Stlth    ++........             w - amulet of faith
HPRegen  0.21/turn              i - ring of magical power
MPRegen  0.21/turn              j - +4 ring of protection

@: paralysed, lethally poisoned (-4 -> -22), very slightly contaminated, slowed
A: spit acid, unfitting armour, cold-blooded, acid resistance, AC +7
a: Breathe Acid, Channel Magic, Forget Spell, Renounce Religion


You were on level 8 of the Dungeon.
You worshipped Sif Muna.
Sif Muna was most pleased with you.
You were not hungry.

You visited 1 branch of the dungeon, and saw 8 of its levels.

You collected 543 gold pieces.

Inventory:

Hand Weapons
 c - a +0 short sword of freezing
 f - a +0 quarterstaff
 q - a +6 flail of protection (weapon)
 u - the +7 long sword "Welud" {holy, *Slow rN++ Str-3 Int+8}
   (You found it on level 6 of the Dungeon)

   It has been blessed by the Shining One to cause great damage to the undead
   and demons.
   It affects your strength (-3).
   It affects your intelligence (+8).
   It greatly protects you from negative energy.
   It may slow you when you take damage.
Missiles
 a - 228 stones (quivered)
Jewellery
 i - a ring of magical power (left hand)
 j - a +4 ring of protection (right hand)
 s - an uncursed ring of protection from fire
 v - an uncursed ring of protection from fire
 w - an amulet of faith (around neck)
Scrolls
 l - 3 scrolls of teleportation
 n - 2 scrolls of fog
 o - 2 scrolls of remove curse
 r - a scroll of magic mapping
 t - a scroll of blinking
Potions
 d - 3 potions of heal wounds
 e - 4 potions of berserk rage
 g - 2 potions of brilliance
 h - a potion of magic
 k - 2 potions of mutation
 m - 4 potions of stabbing
 p - 2 potions of resistance {unknown}
 x - a potion of haste
 z - a potion of curing
Comestibles
 b - 13 rations


   Skills:
 + Level 2.4 Fighting
 + Level 0.9 Short Blades
 + Level 2.3 Maces & Flails
 + Level 3.9 Dodging
 + Level 3.9 Stealth
 + Level 7.8 Spellcasting
 + Level 8.2 Conjurations
 + Level 2.4 Necromancy
 + Level 3.7 Earth Magic


You had 12 spell levels left.
You knew the following spells:

 Your Spells              Type           Power        Failure   Level  Hunger
a - Magic Dart            Conj           ####         1%          1    None
b - Searing Ray           Conj           #####.       1%          2    None
c - Dazzling Flash        Conj/Hex       ###...       5%          3    #......
d - Pain                  Necr           ###.         3%          1    None
e - Stone Arrow           Conj/Erth      ####..       2%          3    #......
f - Sandblast             Erth           ###...       1%          1    None

Your spell library contained the following spells:

 Spells                   Type           Power        Failure   Level  Hunger
 Animate Skeleton         Necr           N/A          3%          1    None
 Passwall                 Tmut/Erth      ##......     6%          2    None
 Vampiric Draining        Necr           ###.......   10%         3    #......
 Fulminant Prism          Conj/Hex       ###.......   17%         4    ###....
 Iskenderun's Mystic Bla  Conj/Tloc      ###.....     17%         4    ###....
 Animate Dead             Necr           N/A          32%         4    ###....
 Petrify                  Tmut/Erth      ##......     38%         4    ###....
 Lee's Rapid Deconstruct  Erth           ###.......   47%         5    #####..
 Agony                    Necr           ###.....     67%         5    #####..


Dungeon Overview and Level Annotations

Branches:
Dungeon (8/15)             Temple (0/1) D:4
   Lair: D:8-11

Altars:
Ashenzari
Cheibriados
Hepliaklqana
Kikubaaqudgha
Nemelex Xobeh
Sif Muna
Trog
Yredelemnul

Annotations:
D:5 3 runed translucent doors, xccam's ghost, amateur OpAs


Innate Abilities, Weirdness & Mutations

You can spit globs of acid.
Your golden yellow scales are hard. (AC +7)
You cannot fit into any form of body armour.
You are cold-blooded and may be slowed by cold attacks.
You are resistant to acid. (rCorr)


Message History

The hornet stings you.
* * * LOW HITPOINT WARNING * * *
You are more poisoned.
You feel as though you will be slow longer.
The searing ray hits the hornet.
The hornet is heavily wounded.
You feel sick. The hornet barely misses you. The hornet stings you.
* * * LOW HITPOINT WARNING * * *
You suddenly lose the ability to move!
* * * LOW HITPOINT WARNING * * *
You feel sick. The hornet stings you!
* * * LOW HITPOINT WARNING * * *
You feel as though you will be slow longer.
The hornet stings you.
* * * LOW HITPOINT WARNING * * *
You are more poisoned.
You feel as though you will be slow longer.
* * * LOW HITPOINT WARNING * * *
You feel sick. The hornet stings you.
You die...

#.####.##..####.#######..#
#.........................#
##########..#.###### #.
##.#.# #.### #.#.# #....
#.#.# ##### #.#.#### #
###.####.#....# #
......y@.####.# #
###.###### #.# #
#.########## #...........
############


You could see a hornet.

Vanquished Creatures
  A hornet (D:7)
  Sigmund (D:6)
  Edmund (D:6)
  3 orc warriors (D:8)
  4 ice beasts
  A sky beast (D:5)
  A phantom (D:5)
  2 ogres
  3 centaurs
  A big kobold (D:7)
  3 bullfrogs (D:6)
  5 scorpions
  A howler monkey (D:5)
  A crimson imp (D:5)
  2 hounds (D:6)
  5 orc priests
  4 jellies (D:8)
  6 orc wizards
  Jessica (D:3)
  3 iguanas
  2 worker ants
  10 adders
  2 shadow imps (D:5)
  7 oozes
  4 worms
  2 dart slugs
  5 leopard geckos
  27 orcs
  4 giant cockroaches
  13 goblins
  8 hobgoblins
  3 jackals (D:1)
  13 kobolds
  9 quokkas
  11 bats
  7 frilled lizards
  A quokka skeleton (D:4)
  7 rats
184 creatures vanquished.

Notes
Turn   | Place    | Note
-------+----------+-------------------------------------------
     0 | D:1      | funkygono the Draconian Conjurer began the quest for the
                  | Orb.
     0 | D:1      | Reached XP level 1. HP: 14/14 MP: 3/3
   618 | D:1      | Reached XP level 2. HP: 12/20 MP: 0/5
   762 | D:1      | Learned a level 2 spell: Searing Ray
  1281 | D:1      | Reached XP level 3. HP: 26/26 MP: 3/6
  2617 | D:2      | Found a shimmering blue altar of Sif Muna.
  2618 | D:2      | Found a hazy altar of Hepliaklqana.
  2619 | D:2      | Found a bloodstained altar of Trog.
  2620 | D:2      | Found a snail-covered altar of Cheibriados.
  2625 | D:2      | Became a worshipper of Sif Muna the Loreminder
  2748 | D:3      | Reached XP level 4. HP: 34/34 MP: 7/7
  3288 | D:3      | Reached skill level 5 in Conjurations
  3463 | D:3      | Found a basalt altar of Yredelemnul.
  3534 | D:3      | Noticed Jessica
  3537 | D:3      | Killed Jessica
  3537 | D:3      | Reached XP level 5. HP: 39/39 MP: 9/9
  4003 | D:3      | Learned a level 3 spell: Dazzling Flash
  4059 | D:4      | Reached * piety under Sif Muna
  4201 | D:4      | Reached XP level 6. HP: 46/46 MP: 11/11
  4283 | D:4      | Found a staircase to the Ecumenical Temple.
  4324 | D:4      | Found a sparkling altar of Nemelex Xobeh.
  4569 | D:4      | Found a shattered altar of Ashenzari.
  4808 | D:5      | Entered Level 5 of the Dungeon
  4828 | D:5      | Noticed an ice beast
  4836 | D:5      | Killed an ice beast
  4836 | D:5      | Reached skill level 1 in Fighting
  4914 | D:5      | Reached skill level 6 in Conjurations
  5000 | D:5      | Your scales start taking on a golden yellow colour.
  5000 | D:5      | Reached XP level 7. HP: 52/52 MP: 13/13
  5000 | D:5      | Gained mutation: You are resistant to acid. (rCorr) [Yellow
                  | Draconian growth]
  5003 | D:5      | Learned a level 1 spell: Pain
  5389 | D:5      | Noticed xccam's ghost (amateur OpAs)
  5414 | D:5      | Reached skill level 5 in Spellcasting
  5438 | D:5      | Reached skill level 1 in Necromancy
  6251 | D:5      | Found a runed translucent gate.
  6251 | D:5      | Found a runed translucent gate.
  6253 | D:5      | Found a runed translucent gate.
  6549 | D:5      | Learned a level 3 spell: Stone Arrow
  6582 | D:6      | Noticed Edmund
  6592 | D:5      | Reached XP level 8. HP: 35/59 MP: 8/16
  6926 | D:6      | Killed Edmund
  7150 | D:6      | Reached skill level 7 in Conjurations
  7150 | D:6      | Reached skill level 1 in Earth Magic
  7175 | D:6      | Noticed Sigmund
  7176 | D:6      | Reached ** piety under Sif Muna
  7190 | D:6      | Killed Sigmund
  7395 | D:6      | Got a crystal long sword
  7451 | D:6      | Identified the +7 long sword "Welud" {holy, *Slow rN++
                  | Str-3 Int+8} (You found it on level 6 of the Dungeon)
  7541 | D:6      | Reached skill level 1 in Maces & Flails
  8028 | D:6      | Learned a level 1 spell: Sandblast
  8375 | D:7      | Found an ancient bone altar of Kikubaaqudgha.
  8486 | D:7      | Reached XP level 9. HP: 40/67 MP: 16/19
  9203 | D:8      | Reached skill level 8 in Conjurations
  9228 | D:8      | Reached *** piety under Sif Muna
  9916 | D:8      | Paralysed by a hornet for 3 turns
  9917 | D:8      | HP: 3/68 [hornet (1)]
  9918 | D:8      | HP: 1/68 [poisoned by a hornet]
  9918 | D:8      | Slain by a hornet

Illustrated notes

Levels and vault maps discovered:
D:1:      dpeg_arrival_signposts, layout_basic
D:2:      layout_rooms, chequers_temple_overflow_statue_of_worship
D:3:      cheibrodos_old_hovel, layout_loops_ring, yredelemnul_altar_generic,
          uniq_jessica
D:4:      layout_rooms, marbit_many_paths, lemuel_doored_altar,
          minmay_temple_entry_wispy, first_ration, nrook_mini_backslash
D:5:      layout_layer_cave, gammafunk_ghost_icy
D:6:      layout_cave_pools, uniq_edmund, uniq_sigmund
D:7:      layout_gridville, basic_altar
D:8:      layout_loops_ring, grunt_temple_overflow_champion_of_chaos,
          david_lair_shrubbed, hangedman_little_slice_of_home,
          hangedman_decor_lopped, minmay_between

Skill      XL: |  1  2  3  4  5  6  7  8  9 |
---------------+----------------------------+-----
Dodging        | 2 3 |  3.9
Stealth        | 2 3 |  3.9
Conjurations   | 5 6 7 8 |  8.2
Spellcasting   | 3 4 5 6 7 |  7.8
Fighting       | 1 2 |  2.4
Necromancy     | 1 2 |  2.4
Earth Magic    | 2 3 |  3.7
Maces & Flails | 2 |  2.3
Short Blades   | |  0.9

Action                   |  1- 3 |  4- 6 |  7- 9 || total
-------------------------+-------+-------+-------++-------
Melee: Unarmed           |    38 |       |       ||    38
       Tailslap          |     3 |       |     4 ||     7
       Short sword       |    33 |     5 |     4 ||    42
       Flail             |       |       |    30 ||    30
 Cast: Magic Dart        |    86 |    94 |   119 ||   299
       Searing Ray       |     4 |    16 |    36 ||    56
       Dazzling Flash    |       |     2 |     7 ||     9
       Pain              |       |       |    29 ||    29
       Stone Arrow       |       |       |    38 ||    38
       Sandblast         |       |       |    17 ||    17
 Abil: Breathe Acid      |       |       |     1 ||     1
  Use: Scroll            |     6 |     6 |     6 ||    18
  Eat: Chunk             |     7 |     7 |    15 ||    29
       Ration            |       |     1 |       ||     1
Armor: Skin              |    37 |    11 |    55 ||   103
Dodge: Dodged            |    61 |    25 |   105 ||   191
